Map: Efflorescence LE

Players

qqq

  • Race: Zerg Zerg
  • Spawn Location: 3:00

Massa

  • Race: Terran Terran
  • League: Platinum
  • Spawn Location: 12:00

Czaforaa - Winner!

  • Race: Terran Terran
  • League: Diamond
  • Spawn Location: 6:00

IBBEY - Winner!

  • Race: Zerg Zerg
  • Spawn Location: 9:00

VOD

Have the link to the VOD?

Description

Time

  • Played on: Oct. 25, 2020, 5:56 a.m.
  • Length: 13:25
Show
View Real Time Build Order
Export as new Build Order

qqq Zerg 

Build Orders: Hatch First, Lurkers 

Get SALT Encoding   

  12  0:03  Drone  
  13  0:10  Drone  
  14  0:37  Hatchery  
  13  0:43  Drone  
  14  0:59  Spawning Pool  
  13  1:06  Overlord  
  13  1:10  Drone  
  14  1:12  Extractor  
  14  1:17  Drone  
  14  1:24  Drone  
  15  1:33  Drone  
  16  1:48  Drone  
  16  1:50  Drone  
  18  1:55  Queen  
  18  1:58  Drone  
  21  2:09  Queen  
  21  2:13  Drone  
  24  2:20  Drone  
  24  2:22  Drone  
  26  2:27  Overlord  
  26  2:42  Drone x2  
  28  2:44  Metabolic Boost  
  28  2:58  Drone  
  28  2:59  Drone, Zergling x2  
  28  3:00  Zergling x4  
  28  3:05  Lair  
  33  3:09  Drone  
  34  3:14  Overlord  
  34  3:16  Drone  
  35  3:35  Drone  
  35  3:37  Zergling x4  
  39  3:48  Zergling x2  
  39  3:50  Drone x4  
  43  3:59  Drone  
  43  4:01  Roach Warren  
  43  4:02  Drone  
  44  4:04  Overlord x2  
  44  4:13  Extractor  
  44  4:14  Spire  
  42  4:19  Drone  
  42  4:20  Drone  
  42  4:21  Overlord x3  
  42  4:22  Zergling x2  
  45  4:24  Drone  
  45  4:27  Extractor x2  
  45  4:28  Drone  
  45  4:30  Drone  
  46  4:51  Drone x3  
  46  4:52  Drone x2  
  51  4:59  Roach x4  
  61  5:00  Glial Reconstitution, Roach  
  61  5:17  Drone x5  
  61  5:18  Drone, Hydralisk Den  
  66  5:27  Mutalisk  
  66  5:28  Mutalisk  
  70  5:53  Mutalisk x2  
  70  5:54  Roach  
  76  6:12  Hatchery, Drone x2  
  76  6:15  Hydralisk x2  
  76  6:16  Hydralisk  
  83  6:19  Lurker Den  
  82  6:29  Roach x2  
  82  6:30  Hatchery  
  65  6:46  Hydralisk x4  
  54  7:06  Mutalisk  
  54  7:08  Extractor, Zergling x2  
  55  7:09  Zergling x4  
  58  7:16  Mutalisk  
  58  7:20  Queen  
  58  7:21  Drone x2  
  64  7:29  Mutalisk  
  64  7:32  Zergling x6  
  64  7:33  Drone  
  70  7:48  Drone x2  
  70  7:49  Drone  
  70  7:50  Hydralisk x3  
  79  7:57  Infestation Pit  
  78  7:59  Evolution Chamber  
  78  8:02  Evolution Chamber  
  69  8:09  Hydralisk  
  69  8:10  Hydralisk x2  
  67  8:13  Mutalisk  
  67  8:15  Zergling x2  
  67  8:16  Drone x3  
  73  8:25  Spine Crawler  
  70  8:30  Lurker  
  70  8:44  Overseer  
  70  8:48  Mutalisk x2  
  68  8:49  Drone  
  68  8:50  Drone x2  
  68  8:52  Spore Crawler  
  74  8:57  Spore Crawler  
  65  9:28  Drone x3  
  64  9:33  Lurker  
  64  9:34  Lurker x3  
  68  9:43  Zerg Missile Weapons Level 1  
  68  9:45  Drone  
  69  10:13  Hydralisk x2  
  71  10:15  Zergling x6  
  76  10:27  Hatchery  
  69  10:38  Hatchery  
  57  10:44  Overlord x6  
  53  10:58  Roach x2  
  46  11:21  Muscular Augments  
  46  11:22  Hydralisk x3  
  52  11:29  Hive  
  52  11:31  Drone  
  52  11:32  Hydralisk x2  
  57  11:38  Lurker x2  
  59  11:40  Drone  
  59  11:41  Hydralisk x2  
  64  11:52  Drone  
  64  11:53  Hydralisk x2  
  65  12:17  Mutalisk  
  65  12:18  Roach x4  
  65  12:19  Roach  
  65  12:20  Drone x2  
  73  12:30  Lurker  
  73  12:31  Lurker x2  
  73  12:32  Lurker  
  66  12:57  Hydralisk x3  
  66  12:58  Hydralisk x3  
  73  12:59  Drone  
  73  13:02  Drone  
Show
View Real Time Build Order
Export as new Build Order

Massa Terran 

Build Orders: Gas First Reaper Expand 

Get SALT Encoding   

  12  0:00  SCV  
  13  0:12  SCV  
  14  0:21  Supply Depot  
  14  0:24  SCV  
  15  0:31  Refinery  
  15  0:43  SCV  
  15  0:47  Barracks  
  16  0:55  SCV  
  17  1:07  SCV  
  18  1:19  SCV  
  19  1:33  Orbital Command  
  19  1:34  Reaper  
  20  1:49  Command Center  
  20  1:59  SCV  
  21  2:06  Marine  
  22  2:11  SCV  
  23  2:17  Supply Depot  
  23  2:24  Factory  
  23  2:31  Barracks Reactor  
  23  2:39  SCV  
  23  2:42  Supply Depot  
  23  2:59  SCV  
  23  3:02  Orbital Command  
  24  3:11  SCV  
  25  3:17  Refinery  
  25  3:23  Starport  
  25  3:24  SCV, Factory Tech Lab  
  26  4:04  Siege Tank  
  26  4:09  Barracks, Marine x2  
  31  4:11  Medivac  
  31  4:16  SCV x2  
  35  4:26  Marine  
  35  4:27  Marine  
  35  4:28  SCV x2  
  35  4:31  Barracks  
  38  4:40  SCV x2  
  38  4:44  Marine x2, Siege Tank  
  45  4:54  SCV x2  
  45  4:58  Refinery  
  47  5:01  Refinery  
  47  5:02  Marine x2  
  47  5:05  Barracks Reactor  
  47  5:06  SCV x2  
  51  5:10  Barracks  
  51  5:16  Siege Tank  
  54  5:25  Engineering Bay  
  54  5:27  Barracks Tech Lab  
  54  5:33  Supply Depot  
  54  5:35  Supply Depot  
  54  5:40  Supply Depot  
  54  5:42  Supply Depot  
  54  5:47  Stimpack  
  54  5:54  SCV, Marauder, Marine x2  
  59  5:58  Siege Tank  
  59  5:59  Marine x2  
  59  6:01  Barracks Tech Lab  
  64  6:05  Supply Depot  
  64  6:07  Supply Depot  
  64  6:12  Marine x2  
  64  6:14  Liberator  
  64  6:16  Marauder  
  64  6:17  Marine x2  
  73  6:24  Missile Turret  
  73  6:29  Marine x2  
  64  7:10  Liberator  
  67  7:16  Missile Turret  
  67  7:18  Terran Infantry Weapons Level 1  
  67  7:22  Armory  
  67  7:23  SCV x2  
  67  7:28  Command Center  
  69  7:31  Missile Turret  
  69  7:35  SCV x2  
  71  7:38  Missile Turret  
  71  7:47  SCV x2  
  73  7:52  Missile Turret  
  54  8:09  Marauder, Marine  
  54  8:10  Marauder, Marine x2  
  45  8:28  Marine x3  
  45  8:30  Marauder  
  45  8:31  Marauder  
  52  8:52  Marauder x2  
  56  9:13  Marauder  
  56  9:14  Marauder  
  57  9:25  SCV  
  58  9:37  SCV  
  59  9:49  SCV  
  54  10:01  SCV  
  55  10:13  SCV, Marauder x2, Marine  
  61  10:23  Command Center  
  39  11:35  Marauder x2, Marine x4  
  39  11:38  Orbital Command  
  46  11:40  SCV  
  47  11:52  SCV  
  45  11:56  Marauder  
  45  11:57  Marauder  
  49  12:04  SCV  
  35  12:18  Siege Tank  
  35  12:20  Marauder x2, Marine x2  
  39  12:41  Marauder  
  41  12:54  Marauder  
  41  12:55  Marine  
  39  13:03  Marauder  
Show
View Real Time Build Order
Export as new Build Order

Czaforaa Terran - Winner!

Build Orders: Reaper Expand 

Get SALT Encoding   

  12  0:00  SCV  
  13  0:12  SCV  
  14  0:18  Supply Depot  
  14  0:25  SCV  
  15  0:40  SCV  
  15  0:41  Barracks  
  16  0:45  Refinery  
  16  0:54  SCV  
  17  1:06  SCV  
  19  1:18  SCV  
  19  1:28  Reaper  
  20  1:37  Command Center  
  20  1:46  Orbital Command  
  20  2:00  Marine  
  21  2:17  Factory  
  21  2:20  Refinery, Supply Depot  
  21  2:21  SCV  
  22  2:35  SCV  
  23  2:41  Marine  
  24  2:48  SCV  
  25  2:59  Marine  
  25  3:00  SCV  
  27  3:11  Factory Tech Lab  
  27  3:12  Barracks  
  26  3:19  Starport, SCV x2, Barracks  
  28  3:20  Barracks  
  28  3:26  Barracks Tech Lab  
  27  3:54  Siege Tank  
  30  4:03  Starport  
  30  4:10  Starport Reactor  
  30  4:13  Marine x3  
  30  4:14  Marine  
  34  4:17  Stimpack  
  34  4:22  Refinery  
  34  4:24  Refinery  
  34  4:31  Marine x4  
  34  4:33  Supply Depot  
  38  4:47  Medivac  
  38  4:49  Marine x3  
  43  4:59  Medivac  
  45  5:01  Marine  
  45  5:06  Marine  
  45  5:07  Marine x2  
  49  5:17  Medivac  
  49  5:19  Marine  
  52  5:24  Marine x2  
  54  5:29  Supply Depot  
  54  5:50  Medivac  
  56  5:57  Combat Shield  
  56  6:00  SCV, Command Center  
  57  6:10  Barracks Reactor  
  57  6:16  Barracks Reactor  
  57  6:17  Barracks Reactor, Siege Tank  
  56  6:46  SCV x2  
  50  6:58  SCV x2  
  44  7:05  Marine x4  
  44  7:06  Marine x3  
  44  7:07  Siege Tank  
  54  7:10  SCV x2  
  56  7:22  SCV  
  57  7:23  Marine x2  
  57  7:25  Marine  
  57  7:26  Marine  
  57  7:28  Medivac x2  
  65  7:38  Engineering Bay x2  
  65  7:46  Marine x3  
  56  8:12  Marine x2  
  55  8:17  Terran Infantry Weapons Level 1  
  55  8:25  SCV x2  
  56  8:27  SCV  
  56  8:28  Viking  
  56  8:29  Marine  
  56  8:30  Marine  
  61  8:37  SCV x2  
  61  8:40  Marine  
  64  8:44  SCV  
  65  9:03  SCV  
  66  9:15  SCV  
  67  9:23  Marine x6  
  67  9:24  Marine  
  73  9:25  SCV x2  
  73  9:27  SCV  
  75  9:39  SCV  
  75  9:40  Marine  
  77  9:50  Marine  
  77  9:51  SCV, Siege Tank  
  77  9:52  Missile Turret  
  75  9:56  Marine  
  75  9:57  Marine x4  
  75  9:58  Marine  
  65  10:08  Marine  
  65  10:09  SCV x2  
  65  10:10  SCV  
  69  10:14  Marine x2  
  69  10:15  Marine  
  72  10:21  SCV  
  72  10:22  SCV  
  72  10:25  Siege Tank  
  54  10:58  Marine  
  54  10:59  Marine x5  
  54  11:00  Siege Tank  
  60  11:39  SCV, Marine x4  
  58  11:40  Marine x3  
  62  11:51  SCV  
  62  12:02  Supply Depot  
  62  12:06  Orbital Command  
  62  12:24  Marine x2, Siege Tank  
  62  12:27  Marine x3  
  70  12:45  SCV, Marine x2  
  69  12:57  SCV  
  67  13:09  SCV x2  
Show
View Real Time Build Order
Export as new Build Order

IBBEY Zerg - Winner!

Build Orders: Hatch First, Lurkers 

Get SALT Encoding   

  12  0:00  Drone  
  13  0:08  Drone  
  14  0:23  Overlord  
  14  0:41  Drone x3  
  17  0:55  Hatchery  
  16  1:11  Spawning Pool  
  15  1:14  Drone  
  15  1:15  Extractor  
  15  1:17  Drone  
  16  1:23  Drone  
  17  1:28  Drone  
  18  1:40  Drone  
  19  1:50  Overlord  
  19  2:00  Queen, Zergling x2  
  22  2:14  Drone  
  24  2:15  Drone  
  24  2:16  Queen  
  24  2:22  Zergling x2  
  27  2:26  Drone  
  28  2:30  Zergling x2  
  28  2:31  Zergling x2  
  30  2:41  Drone  
  30  2:42  Extractor  
  30  2:45  Drone  
  31  2:56  Roach Warren  
  30  2:59  Lair  
  30  3:06  Drone x2  
  30  3:07  Drone x2  
  34  3:16  Drone x2  
  34  3:18  Overlord  
  36  3:21  Overlord  
  36  3:37  Extractor  
  36  3:39  Extractor  
  36  3:40  Drone  
  35  3:49  Roach x2  
  35  3:54  Roach x3  
  45  4:10  Evolution Chamber  
  45  4:11  Drone x2  
  45  4:12  Drone x3  
  45  4:13  Drone x2  
  51  4:35  Overlord x2  
  51  4:37  Glial Reconstitution  
  51  4:47  Burrow  
  51  4:48  Drone  
  52  5:00  Roach x4  
  52  5:01  Roach  
  52  5:02  Roach x3  
  52  5:04  Overlord  
  68  5:10  Overlord  
  68  5:23  Drone x3  
  68  5:25  Drone x3  
  74  5:30  Roach  
  74  5:31  Roach x2  
  82  5:42  Roach  
  82  5:44  Roach  
  80  5:56  Roach x2  
  84  5:57  Overlord x3  
  84  6:04  Tunneling Claws  
  84  6:07  Zerg Missile Weapons Level 1  
  84  6:08  Overlord x2  
  84  6:18  Roach x3  
  90  6:19  Roach  
  92  6:34  Roach x2  
  92  6:35  Roach x2  
  92  6:36  Roach x3  
  106  6:47  Drone  
  106  6:48  Drone x2  
  109  6:58  Drone  
  110  7:20  Hatchery  
  109  7:38  Hydralisk Den  
  109  7:39  Roach x8  
  109  7:41  Roach x16  
  109  7:42  Drone  
  109  7:45  Hatchery  
  109  7:46  Drone x3  
  109  7:47  Drone x3  
  114  7:56  Roach x3  
  120  8:08  Grooved Spines  
  118  8:13  Overlord x4  
  112  8:22  Overlord  
  112  8:24  Overlord  
  112  8:25  Overlord x2  
  104  8:36  Hydralisk x2  
  104  8:37  Roach x16  
  108  8:43  Spore Crawler  
  108  8:44  Lurker Den  
  108  8:45  Queen  
  108  8:46  Drone x2  
  110  9:01  Hydralisk x3  
  110  9:02  Hydralisk x5  
  120  9:04  Hydralisk  
  120  9:05  Queen  
  120  9:06  Drone  
  119  9:21  Overseer  
  119  9:23  Overseer  
  119  9:24  Overseer x2  
  103  9:26  Pneumatized Carapace, Hydralisk x3  
  103  9:27  Hydralisk x2  
  111  9:38  Drone x3  
  113  9:40  Drone x2  
  113  9:41  Drone x2  
  118  9:48  Extractor  
  118  9:51  Extractor  
  116  9:57  Hydralisk x4  
  116  9:59  Drone x3  
  128  10:00  Drone x2  
  128  10:05  Muscular Augments  
  129  10:15  Drone x2  
  129  10:16  Evolution Chamber x2, Infestation Pit  
  128  10:24  Drone x2  
  128  10:25  Drone  
  111  10:44  Hydralisk  
  111  10:45  Hydralisk x5  
  111  10:46  Hydralisk x4  
  111  10:47  Hydralisk x2  
  127  11:02  Spore Crawler x2  
  127  11:03  Spore Crawler  
  124  11:11  Hydralisk x2  
  122  11:22  Hydralisk  
  124  11:30  Drone x2  
  124  11:31  Drone x2  
  128  11:39  Hydralisk  
  128  11:40  Hydralisk x3  
  128  11:41  Hydralisk x3  
  142  11:49  Drone x4  
  142  11:50  Drone x5  
  142  11:51  Drone  
  152  11:58  Extractor  
  152  12:00  Extractor  
  96  12:29  Hydralisk x5  
  102  12:30  Hydralisk x3  
  102  12:31  Hydralisk x3  
  102  12:32  Hydralisk x4  
  102  12:33  Hydralisk x4  
  134  12:46  Drone  
  134  12:47  Drone x2  
  137  12:55  Hydralisk  
  137  12:56  Hydralisk x2  
  144  12:58  Lurker x2  
  144  12:59  Lurker x2  
  147  13:15  Lurker  
  147  13:16  Lurker x2  
Tags
 
Add a new tag
Caveats
  • Supply blocks, unpowered buildings, or Contaminate may cause inaccurate times.
  • Supply counts are checked every 10 seconds.